 Dungeon Sprint DCSS version 0.21-a0-616-g6d9b277d69 (webtiles) character file.

36 Denreik the Covert (level 3, -1/26 HPs)
             Began as a Formicid Arcane Marksman on Dec 23, 2017.
             Slain by a sky beast (5 damage)
             ... in the Dungeon (Sprint IX: "|||||||||||||||||||||||||||||").
             The game lasted 00:01:16 (231 turns).

Denreik the Covert (Formicid Arcane Marksman)        Turns: 231, Time: 00:01:16

Health: -1/26      AC:  2    Str: 14    XL:     3   Next: 57%
Magic:  4/4        EV: 12    Int: 12    God:
Gold:   0          SH:  0    Dex: 12    Spells: 3/4 levels left

rFire    . . .     SeeInvis +   b - +0 whip
rCold    . . .     Gourm    .   (no shield)
rNeg     . . .     Faith    .   l - +0 robe
rPois    .         Spirit   .   (helmet unavailable)
rElec    .         Reflect  .   (no cloak)
rCorr    .         Harm     .   (no gloves)
MR       .....                  (no boots)
Stlth    ++++......             (no amulet)
HPRegen  0.08/turn              (no ring)
MPRegen  0.09/turn              (no ring)

@: no status effects
A: permanent stasis, dig shafts and tunnels, four strong arms, antennae 3
a: Dig


You were in the Dungeon.
You were not hungry.

You visited 1 branch

Inventory:

Hand Weapons
 a - a +0 hand crossbow
 b - a +0 whip (weapon)
 m - a +0 club
Missiles
 d - 13 bolts
Armour
 l - a +0 robe (worn)
Scrolls
 k - a scroll of blinking
Potions
 e - a potion of curing
 h - a potion of haste
 i - 2 potions of magic
 j - a potion of berserk rage
Books
 c - a book of Debilitation

   Spells                             Type                      Level
   a - Corona                         Hexes                        1
   b - Slow                           Hexes                        2
   c - Inner Flame                    Hexes/Fire                   3
   d - Portal Projectile              Hexes/Translocation          3
   e - Cause Fear                     Hexes                        4
   f - Leda's Liquefaction            Hexes/Earth                  4
Comestibles
 f - a ration


   Skills:
 - Level 1.1 Fighting
 - Level 2.0 Crossbows
 - Level 1.7 Dodging
 * Level 8.3 Stealth
 - Level 1.1 Spellcasting
 - Level 3.6 Hexes


You had 3 spell levels left.
You knew the following spells:

 Your Spells              Type           Power        Failure   Level  Hunger
a - Corona                Hex            #......      7%          1    ##.....


Dungeon Overview and Level Annotations

Branches:
Dungeon (1/1)

Altars:


Innate Abilities, Weirdness & Mutations

You cannot be hasted, slowed, berserked, paralysed or teleported.
You can dig through walls and to a lower floor.
Your four strong arms can wield two-handed weapons with a shield.
You have a pair of large antennae on your head. (SInv)


Message History

Aim: a sky beast (heavily wounded, slightly transparent)
You shoot a bolt. The bolt misses the sky beast.
The bolt hits the hound!
You kill the hound!
Your Stealth skill gained 3 levels and is now at level 8!
You have reached level 3!
Your experience leads to an increase in your attributes!
Increase (S)trength, (I)ntelligence, or (D)exterity?
You feel agile. The sky beast barely misses you.
You feel much better. The orc misses you. The sky beast hits you.
The sky beast shocks you.
b - a +0 whip (weapon)
The orc barely misses you. The sky beast hits you. The sky beast shocks you.
* * * LOW HITPOINT WARNING * * *
You closely miss the sky beast.
The sky beast is heavily wounded.
The orc closely misses you. The sky beast hits you.
* * * LOW HITPOINT WARNING * * *
The sky beast shocks you.
You die...

▓.▓
▓'▓
▓.▓
▓.▓
▓.▓
▓(▓
▓o▓
▓Y▓
▓@▓
▓.▓
▓.▓
▓<▓
▓▓▓


You could see a sky beast and an orc.

Vanquished Creatures
  A hound (D)
  A goblin (D)
  A hobgoblin (D)
  A jackal (D)
  A kobold (D)
  A quokka (D)
  2 frilled lizards (D)
8 creatures vanquished.

Notes
Turn   | Place    | Note
-------+----------+-------------------------------------------
     0 | D        | Denreik the Formicid Arcane Marksman began the quest for the Orb.
     0 | D        | Reached XP level 1. HP: 15/15 MP: 2/2
     4 | D        | Reached skill level 2 in Stealth
     5 | D        | Reached skill level 3 in Stealth
     7 | D        | Reached skill level 4 in Stealth
    17 | D        | Reached XP level 2. HP: 7/21 MP: 3/3
   215 | D        | Noticed a sky beast
   221 | D        | Reached skill level 5 in Stealth
   227 | D        | HP: 1/21 [sky beast (5)]
   228 | D        | Reached skill level 8 in Stealth
   228 | D        | Reached XP level 3. HP: 1/26 MP: 4/4
   231 | D        | Slain by a sky beast

Vault maps used:
D:        linesprint

Skill      XL: |  1  2 |
---------------+-------+-----
Stealth        | 4 8 |  8.3
Fighting       | |  1.1
Crossbows      | |  2.0
Dodging        | |  1.7
Spellcasting   | |  1.1
Hexes          | |  3.6

Action                   || total
-------------------------++-------
Melee: Whip              ||     1
 Fire: Hand crossbow     ||    21
  Use: Potion            ||     1
Armor: Robe              ||     3
Dodge: Dodged            ||    18

Table legend:
 A = Spawn XP
 B = Non-spawn XP
 C = Spawn XP percentage of total XP
 D = Spawn monster count
 E = Non-spawn monster count
 F = Spawn count percentage of total count
 G = Total turns spent on level
                    A         B        C        D         E        F      G
               +---------+---------+-------+---------+---------+-------+---------
         Total |       0 |      52 |   0.0 |       0 |       8 |   0.0 |   231
               +---------+---------+-------+---------+---------+-------+---------
             D |       0 |      52 |   0.0 |       0 |       8 |   0.0 |   231
               +---------+---------+-------+---------+---------+-------+---------
